 Dungeon Crawl Stone Soup version 0.25-a0-35-g747a2b3c0c (webtiles) character file.

Game seed: 14230947635192178502, levelgen mode: deterministic

217 Arixos the Skirmisher (level 5, 0/64 HPs)
             Began as a Demonspawn Monk on Oct 18, 2019.
             Slain by a wyvern (5 damage)
             ... on level 5 of the Dungeon.
             The game lasted 00:10:42 (2195 turns).

Arixos the Skirmisher (Demonspawn Monk)             Turns: 2195, Time: 00:10:43

Health: 0/64       AC: 22    Str: 10 (13) XL:     5   Next: 62%
Magic:  5/5        EV:  2    Int: 14 (16) God:
Gold:   127        SH:  0    Dex: 13 (15) Spells: 4/4 levels left

rFire    . . .     SeeInvis .   r - +0 spear
rCold    . . .     Gourm    .   (no shield)
rNeg     + + +     Faith    .   (armour currently unavailable)
rPois    +         Spirit   .   (helmet currently unavailable)
rElec    .         Reflect  .   (cloak currently unavailable)
rCorr    .         Harm     .   (gloves currently unavailable)
MR       .....     NoTele   +   (boots currently unavailable)
Stlth    ++........             (no amulet)
HPRegen  0.20/turn              j - ring of poison resistance
MPRegen  0.09/turn              q - ring of teleportation (curse)

@: brilliant, tree-form
A: powered by pain 1
a: no special abilities


You were on level 5 of the Dungeon.
You were not hungry.
You were a tree.
You visited 1 branch of the dungeon, and saw 4 of its levels.

You collected 127 gold pieces.

Inventory:

Hand Weapons
 r - a +0 spear (weapon)
Missiles
 o - 25 poisoned darts (quivered)
Armour
 k - a +2 pair of boots (melded)
 l - a +0 scale mail (melded)
 n - a +1 cloak (melded)
Jewellery
 j - a ring of poison resistance (left branch)
 q - a cursed ring of teleportation (right branch)
 t - an uncursed ring of ice
Scrolls
 g - a scroll of magic mapping
 i - 2 scrolls of immolation
 s - a scroll of identify
 u - a scroll of amnesia
 w - a scroll of remove curse {unknown}
Potions
 a - a potion of agility
 d - a potion of ambrosia {unknown}
 v - a potion of flight {unknown}
Comestibles
 b - 6 rations
 m - 4 chunks of flesh


   Skills:
 + Level 4.4 Fighting
 + Level 2.6 Armour
 + Level 4.0 Dodging
 - Level 1.8 Stealth
 - Level 2.7 Unarmed Combat


You had 4 spell levels left.
You didn't know any spells.
Your spell library was empty.

Dungeon Overview and Level Annotations

Branches:
Dungeon (3/15)

Altars:
Hepliaklqana
Okawaru
Yredelemnul
Zin

Shops:
D:3 *


Innate Abilities, Weirdness & Mutations

((You have large cloven feet.))
((You are mostly covered in thin metallic scales. (AC +3)))
You sometimes gain a little power by taking damage.


Message History

You kill the giant cockroach!
The wyvern barely misses you.
You barely miss the wyvern. The wyvern bites you.
The wyvern bites you but does no damage.
You closely miss the wyvern.
The wyvern bites you but does no damage. x2
You hit the wyvern but do no damage. The wyvern bites you.
* * * LOW HITPOINT WARNING * * *
You hit the wyvern but do no damage. Your punch misses the wyvern.
The wyvern bites you but does no damage.
The wyvern bites you!
* * * LOW HITPOINT WARNING * * *
It was a potion of brilliance.
You feel clever all of a sudden. The wyvern bites you.
* * * LOW HITPOINT WARNING * * *
It was a potion of curing.
You feel better. The wyvern bites you.
* * * LOW HITPOINT WARNING * * *
The wyvern bites you.
You die...

######### #.......#
#...>...# #.....(.#
#.......#
##############.......#
............♣l.......+
...........###.......#
.........#..##?......#
#.......##.##.......#
#######.##..#.......#
#.###.###.#####
#...........#
#####.###.#.# #.# #


You could see a wyvern.

Vanquished Creatures
  Natasha (thrice) (D:2)
  4 gnolls (D:3)
  An adder (D:2)
  An ooze (D:1)
  3 worms
  4 dart slugs
  A leopard gecko (D:2)
  2 giant cockroaches
  8 hobgoblins
  15 jackals
  A quokka (D:2)
  A ball python (D:3)
  3 bats
  5 frilled lizards
  13 goblins
  3 kobolds
  7 rats
75 creatures vanquished.

Notes
Turn   | Place    | Note
-------+----------+-------------------------------------------
     0 | D:1      | Arixos the Demonspawn Monk began the quest for the Orb.
     0 | D:1      | Reached XP level 1. HP: 18/18 MP: 1/1
   182 | D:1      | Gained mutation: You have large cloven feet. [demonic
                  | ancestry]
   182 | D:1      | Reached XP level 2. HP: 7/24 MP: 2/2
   446 | D:1      | Reached skill level 1 in Armour
   605 | D:1      | Gained mutation: You sometimes gain a little power by
                  | taking damage. [demonic ancestry]
   605 | D:1      | Reached XP level 3. HP: 29/29 MP: 3/3
  1063 | D:2      | Found a hazy altar of Hepliaklqana.
  1154 | D:2      | Gained mutation: You are partially covered in thin metallic
                  | scales. (AC +2) [demonic ancestry]
  1154 | D:2      | Reached XP level 4. HP: 37/37 MP: 4/4
  1226 | D:2      | Found a basalt altar of Yredelemnul.
  1255 | D:2      | Noticed Natasha
  1267 | D:2      | Killed Natasha
  1375 | D:2      | Noticed Natasha
  1386 | D:2      | Killed Natasha
  1430 | D:2      | Noticed Natasha
  1447 | D:2      | Killed Natasha
  1447 | D:2      | Gained mutation: You are mostly covered in thin metallic
                  | scales. (AC +3) [demonic ancestry]
  1447 | D:2      | Reached XP level 5. HP: 38/42 MP: 5/5
  1827 | D:3      | Found an iron altar of Okawaru.
  1992 | D:3      | Found Zin's Purification Station.
  1992 | D:3      | Found a glowing silver altar of Zin.
  2157 | D:3      | You fall into a shaft and drop 2 floors!
  2157 | D:5      | Entered Level 5 of the Dungeon
  2172 | D:5      | Noticed a wyvern
  2195 | D:5      | Slain by a wyvern

Levels and vault maps discovered:
D:1:      evilmike_arrival_crescent, layout_basic
D:2:      layout_basic, overflow_temple_1_default, yredelemnul_altar_generic,
          serial_corexii_hall, corexii_hall_statues_deadend,
          corexii_hall_statues_u, uniq_natasha
D:3:      layout_basic, zin_purify, first_ration, lemuel_altar_in_water
D:5:      layout_basic, grunt_temple_overflow_open, temple_green, serial_glass,
          glass_columns_a, glass_columns_c, glass_columns_a, glass_columns_b,
          glass_columns_a

Skill      XL: |  1  2  3  4  5 |
---------------+----------------+-----
Dodging        | 3 4 |  4.0
Armour         | 1 2 |  2.6
Fighting       | 4 |  4.4
Stealth        | |  1.8
Unarmed Combat | |  2.7

Action                   |  1- 3 |  4- 6 || total
-------------------------+-------+-------++-------
Melee: Unarmed           |   187 |       ||   187
       Punch             |     3 |       ||     3
       Spear             |    14 |   190 ||   204
  Use: Scroll            |     5 |     3 ||     8
       Potion            |       |     7 ||     7
 Stab: Sleeping          |     1 |       ||     1
  Eat: Chunk             |     1 |     4 ||     5
Armor: Robe              |    15 |       ||    15
       Scale mail        |    78 |    86 ||   164
       Skin              |       |    14 ||    14
Dodge: Dodged            |   118 |   121 ||   239

Table legend:
 A = Non-vault XP
 B = Vault XP
 C = Vault XP percentage of total XP
 D = Non-vault monster count
 E = Vault monster count
 F = Vault count percentage of total count
                 A         B        C        D         E       F
            +---------+---------+-------+---------+---------+-------
      Total |     276 |      35 |  11.3 |      74 |       1 |   1.3
            +---------+---------+-------+---------+---------+-------
        D:1 |      50 |       0 |   0.0 |      24 |       0 |   0.0
        D:2 |     142 |      35 |  19.8 |      31 |       1 |   3.1
        D:3 |      82 |       0 |   0.0 |      18 |       0 |   0.0
        D:5 |       2 |       0 |   0.0 |       1 |       0 |   0.0
            +---------+---------+-------+---------+---------+-------
